 Dungeon Crawl Stone Soup version 0.30-a0-996-ga6910c8ee8 (webtiles) character file.

Game seed: 16266477418390197226

13064 jasper the Eclecticist (level 11, -3/61 HPs)
             Began as a Deep Elf Hedge Wizard on Apr 4, 2023.
             Was an Elder of Vehumet.
             Slain by a cane toad (22 damage)
             ... on level 1 of the Lair of Beasts.
             The game lasted 00:18:12 (12765 turns).

jasper the Eclecticist (Deep Elf Hedge Wizard)     Turns: 12765, Time: 00:18:12

Health: -3/61      AC:  7    Str:  7    XL:     11   Next: 70%
Magic:  26/37      EV: 15    Int: 24    God:    Vehumet [****..]
Gold:   594        SH:  5    Dex: 14    Spells: 28/50 levels left

rFire   . . .      SeeInvis +    S - +0 demon whip (venom)
rCold   . . .      Faith    .    (no shield)
rNeg    . . .      Spirit   .    b - +0 robe
rPois   .          Reflect  +    K - +2 hat
rElec   .          Rampage  .    A - +0 cloak
rCorr   +                        (no gloves)
Will    +....                    o - +1 pair of boots
Stlth   ++                       Q - amulet of reflection
HPRegen 0.30/turn                y - ring of resist corrosion
MPRegen 0.25/turn                x - ring of see invisible

@: lethally poisoned (-3 -> -28), studying Maces & Flails
A: no striking features
a: Renounce Religion


You were on level 1 of the Lair of Beasts.
You worshipped Vehumet.
Vehumet was greatly pleased with you.
You visited 2 branches of the dungeon, and saw 12 of its levels.

You collected 594 gold pieces.

Inventory:

Hand Weapons
 a - a +0 dagger
 i - a +1 mace of venom
 S - a +0 demon whip of venom (weapon)
Missiles
 W - a throwing net
Armour
 b - a +0 robe (worn)
 c - a +1 hat
 m - a +0 helmet
 o - a +1 pair of boots (worn)
 p - a +0 pair of boots
 z - a +2 leather armour of poison resistance
 A - a +0 cloak (worn)
 D - +0 swamp dragon scales
 K - a +2 hat (worn)
 T - a +0 kite shield
Magical Staves
 P - a staff of poison
Jewellery
 e - a ring of magical power
 v - a ring of ice
 x - a ring of see invisible (right hand)
 y - a ring of resist corrosion (left hand)
 E - a ring of willpower
 L - a ring of ice
 M - a ring of positive energy
 O - a ring of wizardry
 Q - an amulet of reflection (around neck)
 U - a ring of fire
Wands
 h - a wand of digging (7)
 r - a wand of iceblast (10)
 C - a wand of flame (46)
 F - a wand of paralysis (16)
 N - a wand of polymorph (1)
Scrolls
 g - 2 scrolls of enchant armour
 w - 7 scrolls of teleportation
 B - 3 scrolls of magic mapping
 G - 2 scrolls of noise
 I - a scroll of butterflies
 J - a scroll of fear
 R - a scroll of fog
 V - a scroll of identify
Potions
 d - a potion of ambrosia
 f - 3 potions of haste
 j - 5 potions of flight
 k - 2 potions of lignification
 l - 4 potions of curing
 n - 2 potions of mutation
 q - 3 potions of brilliance
 s - 13 potions of degeneration
 t - 3 potions of attraction
 u - 2 potions of invisibility
 H - 2 potions of might


   Skills:
 - Level 4.3 Fighting
 + Level 7.0 Maces & Flails
 - Level 6.7 Dodging
 - Level 2.4 Stealth
 - Level 20.0 Spellcasting
 - Level 5.7 Conjurations
 - Level 1.1 Summonings
 - Level 1.1 Translocations
 - Level 5.2 Earth Magic


You had 28 spell levels left.
You knew the following spells:

 Your Spells              Type           Power      Damage    Failure   Level
a - Magic Dart            Conj           100%       1d8       1%          1
b - Slow                  Hex            96%        N/A       1%          1
c - Blink                 Tloc           58%        N/A       1%          2
d - Call Imp              Summ           29%        N/A       1%          2
e - Cigotuvi's Dreadful   Necr/Pois/Air  48%        N/A       2%          2
f - Mephitic Cloud        Conj/Pois/Air  33%        N/A       1%          3
g - Searing Ray           Conj           100%       2d8       1%          2
h - Stone Arrow           Conj/Erth      100%       3d13      1%          3
i - Passwall              Tmut/Erth      30%        N/A       1%          2
j - Fulminant Prism       Conj/Hex       18%        3d10      1%          4

Your spell library contained the following spells:

 Spells                   Type           Power      Damage    Failure   Level
 Frozen Ramparts          Ice            48%        1d8       1%          3
 Kiss of Death            Conj/Necr      100%       2d13      1%          1
 Sandblast                Erth           98%        2d20      1%          1
 Summon Small Mammal      Summ           100%       N/A       1%          1
 Hailstorm                Conj/Ice       37%        3d9       1%          3
 Call Canine Familiar     Summ           29%        N/A       3%          3
 Summon Guardian Golem    Hex/Summ       26%        N/A       4%          3
 Vhi's Electric Charge    Tloc/Air       52%        N/A       4%          3
 Arcjolt                  Conj/Air       18%        1d28      4%          5
 Confusing Touch          Hex            24%        N/A       5%          3
 Dispel Undead            Necr           24%        3d12      19%         4
 Ice Form                 Ice/Tmut       24%        N/A       19%         4
 Simulacrum               Ice/Necr       12%        N/A       96%         6
 Maxwell's Capacitive Co  Air            12%        ∞         100%        8


Dungeon Overview and Level Annotations

Branches:
Dungeon (11/15)            Temple (0/1) D:7            Lair (1/5) D:10
    Orc (0/2) D:10

Altars:
Ashenzari
Fedhas
Gozag
Hepliaklqana
Makhleb
Qazlal
Uskayaw
Vehumet

Annotations:
D:11 1 runed translucent door, Gipleted's ghost, journeyman HOFi; Snorg


Message History

The stone arrow misses the blink frog.
You now have 31/37 mp.
Aiming: Stone Arrow (safe; 1% risk of failure)
Press: ? - help, Q - select action, (/) - cycle Shift-Dir - straight line, f/p - blink frog
Aim: a blink frog (severely wounded, 61% to hit)
The stone arrow hits the blink frog!
You kill the blink frog!
Vehumet accepts your kill.
You feel your power returning.
A blink frog comes into view.
Your Maces & Flails skill increases to level 7!
Aiming: Stone Arrow (safe; 1% risk of failure)
Press: ? - help, Q - select action, (/) - cycle Shift-Dir - straight line, f - blink frog
Aim: a blink frog (61% to hit)
The stone arrow hits the blink frog!!
The blink frog is almost dead.
You now have 29/37 mp.
Aiming: Stone Arrow (safe; 1% risk of failure)
Press: ? - help, Q - select action, (/) - cycle Shift-Dir - straight line, f/p - blink frog
Aim: a blink frog (severely wounded, 61% to hit)
The stone arrow hits the cane toad!!
The cane toad is heavily wounded.
The cane toad stings you!
You are poisoned.
The cane toad poisons you! The blink frog hits you!
The blink frog blinks!
The cane toad stings you!
You are lethally poisoned!
The cane toad poisons you!
You take 34 damage, and have 27/61 hp.
MASSIVE DAMAGE!!
You now have 26/37 mp.
Aiming: Stone Arrow (safe; 1% risk of failure)
Press: ? - help, Q - select action, (/) - cycle Shift-Dir - straight line, f/p - blink frog
Aim: a blink frog (severely wounded, 61% to hit)
The stone arrow hits the blink frog!!
You kill the blink frog!
Vehumet accepts your kill.
Vehumet is now extending the range of your destructive spells.
You feel your power returning.
You feel extremely sick.
The blink frog blinks!
The cane toad stings you!!
You die...

. #....##.~~≈~
P..##..F.........#....~~
...........### ##....#
...........#.#### .....
.................
...................
.................> .....
...§..F...†...... .....
#@........ ......
#....P##.# #.....
#....##..####.....
...#....##....##.....
..............##.....
..#......##......^....
###....##....#......
.......####.###.....
........# #####......


You could see a cane toad and a blink frog.

Vanquished Creatures
  3 two-headed ogres
  Amaemon (D:11)
  An oklob plant (D:10)
  A manticore (D:11)
  Joseph (D:8)
  A black mamba (Lair:1)
  2 cane toads
  Maggie (D:7)
  An orange demon (D:11)
  A troll (D:10)
  A polar bear (D:10)
  2 blink frogs (Lair:1)
  A water elemental (D:11)
  2 shadows (D:10)
  A basilisk (D:10)
  A wyvern (D:7)
  13 yaks
  2 steam dragons (D:8)
  2 water moccasins
  2 orc warriors
  A sky beast (D:7)
  A black bear (D:4)
  2 ice beasts
  An ogre (D:5)
  3 phantoms
  A centaur (D:6)
  5 bullfrogs
  2 kobold brigands (D:10)
  3 scorpions
  3 wights (D:5)
  5 electric eels (D:11)
  6 howler monkeys
  4 hounds
  A jelly (D:7)
  A gnoll bouda (D:7)
  5 orc priests
  Terence (D:2)
  2 sleepcaps
  3 iguanas
  17 orc wizards
  5 gnolls
  10 adders
  A shadow imp (D:3)
  4 white imps
  3 ufetubi
  2 worms (D:2)
  2 dart slugs
  29 orcs
  3 endoplasms
  5 giant cockroaches
  11 goblins
  9 hobgoblins
  8 jackals
  3 quokkas
  5 ball pythons
  3 bats
  3 frilled lizards
  11 kobolds
  3 rats
227 creatures vanquished.

Vanquished Creatures (others)
  5 fulminant prisms (D:10)
  A fungus (Lair:1)
  12 plants (D:10)
18 creatures vanquished.

Grand Total: 245 creatures vanquished

Notes
Turn   | Place    | Note
-------+----------+-------------------------------------------
     0 | D:1      | jasper the Deep Elf Hedge Wizard began the quest for the
                  | Orb.
     0 | D:1      | Reached XP level 1. HP: 10/10 MP: 7/7
   236 | D:1      | Learned a level 1 spell: Slow
   286 | D:1      | Reached skill level 5 in Spellcasting
   384 | D:1      | Reached XP level 2. HP: 15/15 MP: 7/10
   387 | D:1      | Learned a level 2 spell: Blink
   390 | D:1      | Learned a level 2 spell: Call Imp
   800 | D:2      | Noticed Terence
  1196 | D:2      | Reached XP level 3. HP: 19/19 MP: 7/12
  1199 | D:2      | Learned a level 2 spell: Cigotuvi's Dreadful Rot
  1203 | D:2      | Learned a level 3 spell: Mephitic Cloud
  1228 | D:2      | Reached skill level 6 in Spellcasting
  1328 | D:2      | Found a faded altar of an unknown god.
  1352 | D:2      | You fall into a shaft and drop 2 floors!
  1725 | D:4      | Reached XP level 4. HP: 20/24 MP: 5/14
  1869 | D:4      | Reached skill level 7 in Spellcasting
  2643 | D:2      | Killed Terence
  2644 | D:2      | Reached skill level 8 in Spellcasting
  2644 | D:2      | Reached XP level 5. HP: 25/27 MP: 3/17
  3565 | D:3      | Found an opulent altar of Gozag.
  3571 | D:3      | Found a radiant altar of Vehumet.
  3575 | D:3      | Became a worshipper of Vehumet
  3783 | D:3      | Learned a level 2 spell: Searing Ray
  4051 | D:4      | Noticed a black bear
  4061 | D:4      | Killed a black bear
  4062 | D:4      | Reached skill level 9 in Spellcasting
  4062 | D:4      | Reached XP level 6. HP: 26/33 MP: 11/20
  4144 | D:4      | Reached skill level 1 in Fighting
  4403 | D:5      | Entered Level 5 of the Dungeon
  4529 | D:5      | Reached XP level 7. HP: 35/38 MP: 6/22
  4535 | D:5      | Learned a level 3 spell: Stone Arrow
  4721 | D:5      | Found a blossoming altar of Fedhas.
  4931 | D:5      | Reached skill level 1 in Earth Magic
  4972 | D:5      | Reached skill level 10 in Spellcasting
  5357 | D:5      | Reached XP level 8. HP: 45/45 MP: 10/24
  5360 | D:5      | Learned a level 2 spell: Passwall
  6084 | D:5      | Reached skill level 18 in Spellcasting
  6084 | D:5      | Reached XP level 9. HP: 49/49 MP: 24/33
  6257 | D:6      | Reached * piety under Vehumet
  6257 | D:6      | Offered knowledge of Foxfire by Vehumet.
  6930 | D:6      | Reached skill level 5 in Dodging
  7118 | D:7      | Found a staircase to the Ecumenical Temple.
  7342 | D:7      | Noticed Maggie
  7350 | D:7      | Killed Maggie
  7350 | D:7      | Offered knowledge of Scorch by Vehumet.
  7416 | D:7      | Reached ** piety under Vehumet
  7810 | D:7      | Found a burning altar of Makhleb.
  7810 | D:7      | Noticed a cacodemon
  7813 | D:7      | Noticed a hellwing
  8079 | D:8      | Reached XP level 10. HP: 23/56 MP: 20/34
  8237 | D:8      | Found a hide-covered altar of Uskayaw.
  8299 | D:8      | Noticed a two-headed ogre
  8303 | D:8      | Killed a two-headed ogre
  8348 | D:8      | Noticed Joseph
  8357 | D:8      | Killed Joseph
  8753 | D:8      | Reached skill level 19 in Spellcasting
  9394 | D:9      | Offered knowledge of Static Discharge by Vehumet.
  9537 | D:9      | Reached skill level 5 in Conjurations
  9584 | D:9      | Found a broken altar of Ashenzari.
  9586 | D:9      | Noticed a two-headed ogre
  9592 | D:9      | Killed a two-headed ogre
 10203 | D:10     | Entered Level 10 of the Dungeon
 10234 | D:10     | Found a hazy altar of Hepliaklqana.
 10272 | D:10     | Reached *** piety under Vehumet
 10745 | D:10     | Found a stormy altar of Qazlal.
 10888 | D:10     | Found a staircase to the Lair.
 10888 | D:10     | Noticed an oklob plant
 10941 | D:10     | Found a staircase to the Orcish Mines.
 10986 | D:10     | Reached XP level 11. HP: 51/61 MP: 24/36
 10989 | D:10     | Reached skill level 5 in Earth Magic
 11332 | D:11     | Found a runed translucent door.
 11333 | D:11     | Noticed Amaemon
 11337 | D:11     | Killed Amaemon
 11339 | D:11     | Offered knowledge of Frozen Ramparts by Vehumet.
 11340 | D:11     | Noticed Gipleted's ghost (journeyman HOFi)
 11566 | D:11     | Reached skill level 1 in Maces & Flails
 11621 | D:11     | Noticed a two-headed ogre
 11626 | D:11     | Killed a two-headed ogre
 11629 | D:11     | Reached skill level 20 in Spellcasting
 11769 | D:11     | Noticed Snorg
 11819 | D:10     | Learned a level 4 spell: Fulminant Prism
 11835 | D:10     | Killed an oklob plant
 12130 | Lair:1   | Entered Level 1 of the Lair of Beasts
 12350 | Lair:1   | Reached skill level 5 in Maces & Flails
 12765 | Lair:1   | Reached **** piety under Vehumet
 12765 | Lair:1   | Slain by a cane toad

Illustrated notes

Levels and vault maps discovered:
D:1:      eino_arrival_druids_welcome, layout_basic
D:2:      kennysheep_the_goblin_king, layout_basic,
          ebering_ecumenical_altar_mist, minmay_misc_feat_cross, uniq_terence
D:3:      layout_basic, amethyst_overflow_temple_binary
D:4:      layout_basic, st_stairs_12
D:5:      layout_loops_corners, mainiacjoe_overflow_alcove_4,
          hangedman_decor_growths, sword_in_stone
D:6:      cheibrodos_quashed, layout_rooms
D:7:      layout_basic, makhleb_altar_promises_db,
          minmay_temple_entry_junction_2, uniq_maggie
D:8:      layout_basic, overflow_temple_1_default, uniq_joseph
D:9:      layout_irregular_city, ashenzari_conservatory_becter, enter_bailey_7,
          hangedman_decor_peaks_small
D:10:     layout_roguey, worldfamousw_hep_ancestral_shrine,
          mainiacjoe_overflow_cross_hatched, dpeg_oklobed_lair, orc_0_dummy
D:11:     layout_basic, ebering_ghost_inner_flame, amcnicky_mini_pool_small,
          nicolae_uskayaw_dance_studio, uniq_snorg, uniq_harold, uniq_amaemon
Lair:1:   layout_regular_city, nicolae_quartered_pool_impasse,
          serial_bayou_shore_b, infiniplex_staircase_pool_2

Skill      XL: |  1  2  3  4  5  6  7  8  9 10 11 |
---------------+----------------------------------+-----
Spellcasting   | 5 6 8 9 10 18 19 20 | 20.0
Dodging        | 3 4 5 6 |  6.7
Fighting       | 1 2 3 4 |  4.3
Conjurations   | 2 3 4 5 |  5.7
Earth Magic    | 2 3 4 5 |  5.2
Maces & Flails | 7 |  7.0
Stealth        | |  2.4
Summonings     | |  1.1
Translocations | |  1.1

Action                     |  1- 3 |  4- 6 |  7- 9 | 10-12 || total
---------------------------+-------+-------+-------+-------++-------
  Melee: Dagger            |    15 |       |       |       ||    15
         Mace              |     6 |    17 |     5 |     7 ||    35
         Punch             |     2 |     1 |       |       ||     3
   Cast: Magic Dart        |   102 |   163 |    10 |       ||   275
         Call Imp          |     2 |       |       |       ||     2
         Mephitic Cloud    |       |     3 |     1 |     1 ||     5
         Cigotuvi's Dreadf |       |     2 |       |       ||     2
         Searing Ray       |       |     6 |    16 |     1 ||    23
         Slow              |       |     1 |       |       ||     1
         Stone Arrow       |       |       |    94 |   162 ||   256
         Fulminant Prism   |       |       |       |     5 ||     5
         Blink             |       |       |       |     1 ||     1
  Evoke: Wand              |       |       |       |     9 ||     9
    Use: Scroll            |     3 |       |    14 |     3 ||    20
         Potion            |       |     2 |     3 |       ||     5
 Armour: Robe              |     9 |     9 |     6 |    13 ||    37
  Dodge: Dodged            |    34 |    38 |    39 |    41 ||   152
  Block: Other             |       |       |       |    12 ||    12
         Reflection        |       |       |       |     1 ||     1

Table legend: (Time is in decaauts)
 A = Elapsed time spent in this place.
 B = Non-inter-level travel time spent in this place.
 C = Inter-level travel time spent in this place.
 D = Time resting spent in this place.
 E = Time spent auto-exploring this place.
 F = Levels seen in this place.
 G = Mean time per level.
                   A        B        C        D        E       F      G
               +--------+--------+--------+--------+--------+-----+--------+
         Total |  12789 |  12167 |    622 |    882 |   9721 |  12 | 1065.8 |
       Dungeon |  12516 |  11894 |    622 |    882 |   9496 |  11 | 1137.8 |
          Lair |    273 |    273 |      0 |      0 |    225 |   1 |  273.0 |
               +--------+--------+--------+--------+--------+-----+--------+

Top non-repeatable levels by time:
     D:5: 1766 daAuts
    D:10: 1643 daAuts
     D:2: 1355 daAuts
     D:4: 1294 daAuts
     D:8: 1182 daAuts
     D:9: 1084 daAuts
     D:6: 969 daAuts
     D:7: 965 daAuts
     D:1: 903 daAuts
     D:3: 859 daAuts
    D:11: 490 daAuts
  Lair:1: 273 daAuts
